Cogmind - Beta 12 @@@ ROGUE MODE // 2023.11.24 @ 08:28:26 Player: Dosh Result: Self-destructed Performance ------------- Evolutions (2) 1000 Regions Visited (5) 1000 Robots Destroyed (28) 140 Value Destroyed (803) 803 Prototype IDs (25) 500 Alien Tech Used (0) 0 Bonus (300) 300 TOTAL SCORE: 3743 Bonus ------- Aligned with FarCom 300 Cogmind --------- Core Integrity 387/550 Matter 26/300 Energy 100/100 System Corruption 0% Temperature Cool (0) Movement Core (400) Ox7 Location -8/Materials Parts ------- > --- POWER (1) -------- (None) > --- PROPULSION (4) --- (None) > --- UTILITY (4) ------ Large Storage Unit Improved Signal Interpreter Terrain Scanner Hacking Suite > --- WEAPON (2) ------- Autogun > --- INVENTORY (15) --- Light Nuclear Core Improved Treads VTOL Module Cesium-ion Thruster Weight Redist. System Sensor Array Improved Terrain Scan Processor Improved Targeting Computer Heavy Armor Plating Hardened Light Armor Plating EM Pulse Gun Autogun Grenade Launcher Peak State ------------ > --- POWER ------------ Light Deuterium Engine > --- PROPULSION ------- Flying Fortress v7 > --- UTILITY ---------- Large Storage Unit Improved Signal Interpreter Terrain Scanner Hacking Suite > --- WEAPON ----------- Autogun Autogun > --- INVENTORY -------- Light Nuclear Core Light Treads Improved Treads Cesium-ion Thruster Weight Redist. System Sensor Array Improved Terrain Scan Processor Improved Targeting Computer Heavy Armor Plating Hardened Light Armor Plating EM Pulse Gun Autogun Autogun Grenade Launcher [Rating: 50] Favorites ----------- Power Light Ion Engine Engine Light Ion Engine Propulsion Light Treads Treads Light Treads Flight Unit Flying Fortress v7 Utility Large Storage Unit Device Terrain Scanner Storage Large Storage Unit Processor Signal Interpreter Hackware Hacking Suite Protection Improved Light Armor Plating Weapon Autogun Energy Gun EM Pulse Gun Ballistic Gun Autogun Build | -11 -10 -10 -10 -9 -8 ------- Run | Jun Mat Min Exi Min Mat Slots Evolved 4 | . . . . . 4 Power . | . . . . . . Propulsion 2 | . . . . . 2 Utility 2 | . . . . . 2 Weapon . | . . . . . . Parts Attached 26 | 7 11 . . . 8 Power 3 | 1 1 . . . 1 Engine 3 | 1 1 . . . 1 Core . | . . . . . . Reactor . | . . . . . . Propulsion 5 | 2 2 . . . 1 Treads 4 | 2 2 . . . . Leg . | . . . . . . Wheel . | . . . . . . Hover . | . . . . . . Flight 1 | . . . . . 1 Utility 9 | 1 3 . . . 5 Device 1 | . . . . . 1 Storage 2 | 1 1 . . . . Processor 2 | . 1 . . . 1 Hackware 1 | . . . . . 1 Protection 3 | . 1 . . . 2 Artifact . | . . . . . . Weapon 9 | 3 5 . . . 1 Energy Gun 3 | 2 1 . . . . Energy Cannon . | . . . . . . Ballistic Gun 6 | 1 4 . . . 1 Ballistic Cannon . | . . . . . . Launcher . | . . . . . . Special Weapon . | . . . . . . Impact Weapon . | . . . . . . Slashing Weapon . | . . . . . . Piercing Weapon . | . . . . . . Special Melee Weapon . | . . . . . . Unidentified Prototypes . | . . . . . . Parts Lost 6 | . 2 . . . 4 Power 2 | . 1 . . . 1 Propulsion 1 | . . . . . 1 Utility . | . . . . . . Weapon 3 | . 1 . . . 2 Highest Loss Streak 2 | . 1 . . . 2 To Critical Strikes . | . . . . . . Average Slot Usage (%) 89 | . 97 100 100 100 70 Engine 12 | . 13 14 14 14 8 Treads 18 | . 27 28 28 28 . Flight 2 | . . . . . 8 Device 2 | . . . . . 8 Storage 12 | . 14 14 14 14 9 Processor 10 | . 8 14 14 14 9 Hackware 1 | . . . . . 3 Protection 3 | . 4 . . . 5 Energy Gun 2 | . 5 . . . . Ballistic Gun 22 | . 21 28 28 28 17 Naked Turns . | . . . . . . Heaviest Build 35 | 13 29 29 29 29 35 Greatest Support 50 | 40 40 40 40 40 50 Greatest Overweight (x) . | . . . . . . Average Overweight (x) . | . . . . . . Largest Inventory Capacity 15 | 8 15 15 15 15 15 Average Capacity 12 | 6 9 15 15 15 15 Most Carried 15 | 4 8 8 12 15 15 Average Carried 10 | 2 6 8 9 14 14 Final Capacity 15 | 8 15 15 15 15 15 Final Carried 15 | 4 8 8 12 15 14 Class Distribution -------------------- 69% | Mutant 30% | Scout Dominant Class ---------------- Mutant | -10/Materials Mutant | -10/Mines Mutant | -10/Exiles Mutant | -9/Mines Scout | -8/Materials Resources | -11 -10 -10 -10 -9 -8 ----------- Run | Jun Mat Min Exi Min Mat Matter Collected 742 | 187 337 . . 35 183 Remotely . | . . . . . . Salvage Created 1058 | . 582 . . . 476 Parts 63 | . 31 . . . 32 Haulers Intercepted . | . . . . . . Recyclers Shooed . | . . . . . . Parts Field Recycled . | . . . . . . Retrieved Matter . | . . . . . . Parts Self-Destructed . | . . . . . . Prevented . | . . . . . . Kills | -11 -10 -10 -10 -9 -8 ------- Run | Jun Mat Min Exi Min Mat Combat Hostiles Destroyed 21 | . 13 . . . 8 Guns 21 | . 13 . . . 8 Classes Destroyed 6 | . 4 . . . 2 Recycler 2 | . 1 . . . 1 Operator 1 | . . . . . 1 Watcher 4 | . 3 . . . 1 Swarmer 5 | . 3 . . . 2 Grunt 13 | . 10 . . . 3 Sentry 3 | . . . . . 3 Best Kill Streak 3 | . 3 . . . 3 Combat Bots Only 3 | . 3 . . . 2 Max Kills in Single Turn 2 | . 2 . . . 1 Gunslinging 1 | . 1 . . . . Exploded . | . . . . . . Melee . | . . . . . . Uniques/NPCs Destroyed . | . . . . . . Combat | -11 -10 -10 -10 -9 -8 -------- Run | Jun Mat Min Exi Min Mat Damage Taken 2150 | . 777 . . . 1373 Core 330 | . 167 . . . 163 Absorbed by Shields . | . . . . . . Redirected to Shielding 27 | . 27 . . . . Regen/Repaired (Parts) 305 | . 305 . . . . Core Remaining (%) 66 | 100 . . . 33 . Volleys Fired 105 | . 53 . . . 52 Largest 2 | . 2 . . . 2 Hottest 70 | . 70 . . . 46 Shots Fired 204 | . 107 . . . 97 Gun 204 | . 107 . . . 97 Cannon . | . . . . . . Launcher . | . . . . . . Special . | . . . . . . Kinetic 169 | . 72 . . . 97 Thermal 20 | . 20 . . . . Explosive . | . . . . . . Electromagnetic 15 | . 15 . . . . Robot Hit Streak 16 | . 16 . . . 10 Robot Miss Streak 6 | . 4 . . . 6 Penetration Max . | . . . . . . Secondary Targets 3 | . 3 . . . . Max Gunslinging Chain 1 | . 1 . . . . Shots Hit Robots 139 | . 73 . . . 66 Core Hits 49 | . 28 . . . 21 Critical Kills . | . . . . . . Critical Parts Destroyed . | . . . . . . Critical Strikes . | . . . . . . Melee Attacks . | . . . . . . Impact . | . . . . . . Slashing . | . . . . . . Piercing . | . . . . . . Sneak Attacks . | . . . . . . Combat Hostiles . | . . . . . . Follow-up Attacks . | . . . . . . Damage Inflicted 1944 | 3 917 . . . 1024 Guns 1923 | . 899 . . . 1024 Cannons . | . . . . . . Explosions . | . . . . . . Melee . | . . . . . . Ramming 21 | 3 18 . . . . Kinetic 1545 | . 521 . . . 1024 Thermal 185 | . 185 . . . . Explosive . | . . . . . . Electromagnetic 193 | . 193 . . . . Impact . | . . . . . . Slashing . | . . . . . . Piercing . | . . . . . . Highest Corruption 1 | . 1 1 1 1 . Average Corruption 1 | . 1 1 1 1 . Corruption Purged . | . . . . . . Corruption Blocked . | . . . . . . Effects 13 | . 9 . 1 3 . Message Errors 3 | . 2 . . 1 . Matter Fused 3 | . 2 . . 1 . Heat Flow Errors 2 | . 2 . . . . Energy Discharges 4 | . 2 . 1 1 . Misfires 1 | . 1 . . . . Overload Shots . | . . . . . . Overflow Damage . | . . . . . . Projectiles . | . . . . . . Explosions . | . . . . . . Melee . | . . . . . . Knockbacks . | . . . . . . Impact . | . . . . . . Kinetic . | . . . . . . Secondary . | . . . . . . Self-Inflicted Damage . | . . . . . . Shots . | . . . . . . Rammed 6 | 3 3 . . . . Targets Rammed 6 | 3 3 . . . . Kicked . | . . . . . . Crushed . | . . . . . . Highest Temperature 206 | . 206 . . . 141 Average Temperature 49 | . 56 . . . 38 Received Heat Transfer 741 | . 435 . . . 306 Siege Activations . | . . . . . . Robots Corrupted . | . . . . . . Combat Hostiles . | . . . . . . Parts Fried . | . . . . . . Impact Corruptions . | . . . . . . Robots Melted . | . . . . . . Combat Hostiles . | . . . . . . Parts Melted 2 | . 2 . . . . Heat Transferred 555 | . 555 . . . . Parts Sabotaged . | . . . . . . Parts Stolen . | . . . . . . Parts Stripped . | . . . . . . Power Chain Reactions . | . . . . . . Missiles Intercepted . | . . . . . . Alert | -11 -10 -10 -10 -9 -8 ------- Run | Jun Mat Min Exi Min Mat Peak Influence 256 | . 173 23 . . 256 Initial 23 | . . 23 . . . Average 53 | . 78 23 . . 54 Maximum Alert Level 1 | . . . . . 1 Low Security (%) 98 | 100 100 100 . 100 95 Level 1 1 | . . . . . 4 Level 2 . | . . . . . . Level 3 . | . . . . . . Level 4 . | . . . . . . Level 5 . | . . . . . . High Security . | . . . . . . Max Security . | . . . . . . Squads Dispatched 7 | . 3 . . . 4 Investigation 2 | . 2 . . . . Extermination . | . . . . . . Reinforcement 5 | . 1 . . . 4 Assault . | . . . . . . Garrison . | . . . . . . Intercept . | . . . . . . Searches Triggered . | . . . . . . Construction Impeded . | . . . . . . Haulers Reinforced . | . . . . . . Active Scanning Responses . | . . . . . . Cargo Convoy Interrupts . | . . . . . . Stealth | -11 -10 -10 -10 -9 -8 --------- Run | Jun Mat Min Exi Min Mat Distress Signals 2 | . 1 . . . 1 Communications Jammed . | . . . . . . Distress Signals . | . . . . . . Times Spotted 53 | . 21 . . . 32 Peak Tracking Total 11 | . 5 . . . 11 Tactical Retreats 1 | . . . . . 1 Traps | -11 -10 -10 -10 -9 -8 ------- Run | Jun Mat Min Exi Min Mat Traps Triggered 2 | . 2 . . . . Indirectly . | . . . . . . Trap Hack Attempts . | . . . . . . Triggered . | . . . . . . Disarmed . | . . . . . . Reprogrammed . | . . . . . . Reused . | . . . . . . Traps Extracted . | . . . . . . Installed . | . . . . . . Triggered . | . . . . . . Machines | -11 -10 -10 -10 -9 -8 ---------- Run | Jun Mat Min Exi Min Mat Machines Disabled 1 | . 1 . . . . Max in Single Turn 1 | . 1 . . . . Machines Repaired . | . . . . . . Machines Sabotaged . | . . . . . . Overloaded Fab Kills . | . . . . . . Hacking | -11 -10 -10 -10 -9 -8 --------- Run | Jun Mat Min Exi Min Mat Machines Accessed 11 | . 5 . 1 . 5 Terminals 8 | . 4 . . . 4 Fabricators . | . . . . . . Repair Stations 1 | . 1 . . . . Recycling Units 1 | . . . . . 1 Scanalyzers . | . . . . . . Garrison Access . | . . . . . . Total Hacks 28 | . 15 . 1 . 12 Successful 18 | . 12 . 1 . 5 Failed 10 | . 3 . . . 7 Catastrophic . | . . . . . . Database Lockouts . | . . . . . . Manual 1 | . . . 1 . . Terminals 19 | . 9 . . . 10 Fabricators . | . . . . . . Repair Stations 6 | . 6 . . . . Recycling Units 2 | . . . . . 2 Scanalyzers . | . . . . . . Garrison Access . | . . . . . . Terminal Hacks 12 | . 6 . 1 . 5 Record 3 | . 1 . . . 2 Prototype ID Bank 1 | . 1 . . . . Emergency Access Points 1 | . 1 . . . . Alert Level 2 | . 1 . . . 1 Locate Traps 2 | . 1 . . . 1 Dispatch Records 1 | . . . . . 1 Hauler Manifests 1 | . 1 . . . . EX-Prototype ID Bank 1 | . . . 1 . . Fabricator Hacks . | . . . . . . Repair Station Hacks 6 | . 6 . . . . Scan Component 3 | . 3 . . . . Repair 3 | . 3 . . . . Recycling Unit Hacks . | . . . . . . Scanalyzer . | . . . . . . Garrison Access Hacks . | . . . . . . Unauthorized Hacks . | . . . . . . Terminals . | . . . . . . Fabricators . | . . . . . . Repair Stations . | . . . . . . Recycling Units . | . . . . . . Scanalyzers . | . . . . . . Garrison Access . | . . . . . . Data Cores Recovered 1 | . . . . . 1 Used . | . . . . . . Hacking Detections 9 | . 4 . . . 5 Full Trace Events 1 | . 1 . . . . Feedback Events . | . . . . . . Feedback Blocked . | . . . . . . Robot Schematics Acquired . | . . . . . . Robots Built . | . . . . . . Authchips . | . . . . . . Time . | . . . . . . Total Robot Build Rating . | . . . . . . Part Schematics Acquired . | . . . . . . Parts Built . | . . . . . . Authchips . | . . . . . . Time . | . . . . . . Total Part Build Rating . | . . . . . . Parts Repaired 3 | . 3 . . . . Time 84 | . 84 . . . . Parts Recycled . | . . . . . . Recycled Matter . | . . . . . . Retrieved Matter . | . . . . . . Retrieved Components . | . . . . . . Parts Scanalyzed . | . . . . . . Part Schematics Acquired . | . . . . . . Parts Damaged . | . . . . . . Bothacking | -11 -10 -10 -10 -9 -8 ------------ Run | Jun Mat Min Exi Min Mat Used RIF Installer . | . . . . . . Robots Hacked . | . . . . . . Non-combat . | . . . . . . Combat . | . . . . . . Robot Hacks Applied . | . . . . . . Relay Couplers Released . | . . . . . . Fabnet Peak Effective % . | . . . . . . Robots Rewired . | . . . . . . Allies Hacked . | . . . . . . Hacks Repelled . | . . . . . . Allies | -11 -10 -10 -10 -9 -8 -------- Run | Jun Mat Min Exi Min Mat Total Allies 2 | . . 2 . . . Largest Group 2 | . . 2 2 . . Highest-Rated Group 38 | . . 38 38 . . Highest-Rated Ally 31 | . . 31 31 . . Total Orders . | . . . . . . Ally Attacks . | . . . . . . Total Damage . | . . . . . . Kills . | . . . . . . Allies Corrupted . | . . . . . . Allies Melted . | . . . . . . Intel | -11 -10 -10 -10 -9 -8 ------- Run | Jun Mat Min Exi Min Mat Robot Analysis Total . | . . . . . . Derelict Logs Recovered 2 | . . 1 . 1 . Drone Launches . | . . . . . . Drone Recoveries . | . . . . . . Exploration | -11 -10 -10 -10 -9 -8 ------------- Run | Jun Mat Min Exi Min Mat Turns Passed 3407 | 85 1286 56 378 527 1075 Spaces Moved 2075 | 46 629 33 234 317 816 Core 6 | 6 . . . . . Treads 1260 | 40 629 33 234 317 7 Legs . | . . . . . . Wheels . | . . . . . . Hover . | . . . . . . Flight 809 | . . . . . 809 Fastest Speed 50 | 50 160 160 160 160 50 Average Speed 116 | 145 160 160 160 160 50 Slowest Speed 160 | 160 160 160 160 160 160 Overloaded Moves . | . . . . . . Propulsion Burnouts . | . . . . . . Robots Hopped 12 | . . . . . 12 Cave-ins Triggered . | . . . . . . Exploration Rate (%) 45 | 3 87 10 61 60 52 Regions Visited 5 Branch Regions 3 Pre-discovered Areas 2 | . . 1 . 1 . Known Exits Taken 4 | . 1 1 1 1 . Unknown Exits Taken 1 | 1 . . . . . Scrap Searched 2 | . . . . 2 . Spaces Dug . | . . . . . . Terrain Destroyed . | . . . . . . Melee . | . . . . . . Projectile . | . . . . . . AOE . | . . . . . . Terrain Rammed . | . . . . . . Walls Destroyed . | . . . . . . Machines Disabled . | . . . . . . Actions | -11 -10 -10 -10 -9 -8 --------- Run | Jun Mat Min Exi Min Mat Total 2874 | 59 815 36 238 337 1389 Wait 639 | . 107 4 4 18 506 Move 2048 | 45 628 32 233 316 794 Hop 10 | . . . . . 10 Pick Up 23 | 3 6 . 1 3 10 Fast Attach 14 | 7 7 . . . . Attach 7 | . 2 . . . 5 Detach 3 | 1 2 . . . . Swap 5 | . 2 . . . 3 Drop 14 | . 5 . . . 9 Fire 105 | . 53 . . . 52 Melee . | . . . . . . Ram . | . . . . . . Kick . | . . . . . . Crush 6 | 3 3 . . . . Escape Stasis . | . . . . . . Rewire . | . . . . . . Trap . | . . . . . . Miscellaneous . | . . . . . . Route ------- -11/Junkyard -10/Materials (discovered 3 exits: *Mat x2 / *Min) -10/Mines -10/Exiles (discovered 2 exits: *Min x2) -9/Mines -8/Materials History --------- Turn | Location | Event 3 | -11/Junkyard | Discovered new exit (range 15) 86 | -11/Junkyard | Entered Materials 303 | -10/Materials | Build established: Mutant 362 | -10/Materials | Discovered new exit (range 11) 598 | -10/Materials | Discovered new exit (range 16) 864 | -10/Materials | Discovered new exit (range 15) 886 | -10/Materials | Identified exit to Materials 982 | -10/Materials | Core integrity fell below 50% 1256 | -10/Materials | Repaired Lgt. Treads 1283 | -10/Materials | Repaired Lgt. Treads 1315 | -10/Materials | Repaired Autogun 1371 | -10/Materials | Identified exit to Mines 1372 | -10/Materials | Entered Mines 1387 | -10/Mines | Learned location of Mines (-9) 1412 | -10/Mines | Deemed a non-threat by the Exiles lab entrance 1414 | -10/Mines | Discovered new exit (range 5) 1420 | -10/Mines | Identified exit to Exiles 1428 | -10/Mines | Entered Exiles 1428 | -10/Exiles | Accompanied by 2 allies 1452 | -10/Exiles | Discovered new exit (range 15) 1458 | -10/Exiles | Led the pair of lost Derelicts to a safe place 1472 | -10/Exiles | Met 8R-AWN 1494 | -10/Exiles | Met EX-HEX 1576 | -10/Exiles | Met EX-BIN 1599 | -10/Exiles | Aligned with FarCom system 1600 | -10/Exiles | Given EX-Vault access code 1639 | -10/Exiles | Opened EX-Vault 1650 | -10/Exiles | Found Flying Fortress v7 1683 | -10/Exiles | Warned to stay clear of 0b10 Research branches 1731 | -10/Exiles | Met EX-DEC 1789 | -10/Exiles | Discovered new exit (range 14) 1805 | -10/Exiles | Identified exit to Mines 1806 | -10/Exiles | Left Exiles lab with Flying Fortress v7 1806 | -10/Exiles | Entered Mines 1819 | -9/Mines | Learned location of Zion (-7) 2309 | -9/Mines | Discovered new exit (range 16) 2331 | -9/Mines | Identified exit to Materials 2333 | -9/Mines | Entered Materials 2333 | -8/Materials | Evolved 4 slots: Propulsion x2, Utility x2 2643 | -8/Materials | Build established: Scout 3408 | -8/Materials | Self-destructed Last Messages --------------- 03367_ U-05 Engineer builds a Wall. 03372_ S-10 Pest destroyed. 03374_ Slug penetrates Wall. 03374_ Acquired 14 matter. 03378_ U-05 Engineer builds a Wall. 03380_ Knocked back. 03380_ Penetrated by Slug. 03380_ K-01 Serf collects debris. 03384_ Knocked back. 03385_ U-05 Engineer builds a Wall. 03386_ C-17 Slicer knocked back. 03386_ C-17 Slicer destroyed. 03386_ U-05 Engineer lays Concrete. 03387_ Knocked back. 03388_ U-05 Engineer lays Concrete. 03388_ K-01 Serf collects debris. 03390_ Acquired 3 matter. 03394_ Autogun destroyed. 03398_ Destroyed Reaction Control System. 03407_ Flying Fortress v7 destroyed. Map ----- +----------------------------------------------------+ | ???????????????????????## = # """ # ="""""# | | ???????????????????????? # """ # """""# | | ???????????????????#???## # # """""# | | ???????????????????????# # # """ ? | | ???????????????????????# ############ ? | | ????????????????????????# #?#################### | | ??????????????????#?????# ## = ! #?????????? | | ???????????????????????## # #?????????? | | ??????????????########## #?????????? | | ????????????? w H """ ??????????? | | ????????????? h w= """ ??????????? | | ????????????? == """ ??????????? | | ??????????????######+### = g # =! """ ??????????? | | ????????????????????? ?##### # #?????????? | | ??????????????????????#??#?#b#?##### ###?????????? | | ???????????????????????????#Y#???????????????????? | | ????????????????????????####g### #?????????????? | | ????????????????????????# g #?????????????? | | ????????????????????????# ##+### #?????????????? | | ????????????????????????# # ???????????????????? | | ????????????????????????# # ???Y???????????????? | | ????????????????????????# #/Y]#?? ???????????????? | | ????????????????????????# # #??????????????????? | | ????????????????????#???# #!* #??????????????????? | | ????????????????????????#c#** #??????????????????? | | ????????????????????????#@#* #???#??????????????? | | ????????????????????????# ### #???? ?????????????? | | ????????????????????????# #??##??????????????????? | | ????????????????????????# #??????????????????????? | | ????????????????????????# #??????????????????????? | | ????????????????????????# #??????????????????????? | | ????????????????????????# #??????????????????????? | | ???????????????????????? ??????????????????????? | | ????????????????????#??? ??????????????????????? | | ???????????????#????????= ??????????????????????? | | ????????????????????????###??????????????????????? | | ?????????????????????????????????????????????????? | | ????????????????????#????????????????????????????? | | ?????????????????????????????????????????????????? | | ?????????????????????????????????????????????????? | | ?????????????????????????????????????????????????? | | ?????????????????????????????????????????????????? | | ?????????????????????????????????????????????????? | | ?????????????????????????????????????????????????? | | ?????????????????????????????????????????????????? | | ?????????????????????????????????????????????????? | | ?????????????????????????????????????????????????? | | ?????????????????????????????????????????????????? | | | | | +----------------------------------------------------+ Best States ------------- Heat Dissipation 31 Energy Generation 14 Energy Capacity 250 Matter Stores 300 Matter Capacity 300 Sight Range 16 Terrain Scan Range 14 Terrain Scan Density 10 Armor Coverage 150 Core Shielding 20 Evasion (%) 60 Recoil Reduction 2 Offensive Hacking 10 Item Schematics ----------------- None Robot Schematics ------------------ None Fabricated ------------ Nothing Alien Tech Used ----------------- None Achievements -------------- None Challenges ------------ None Game ------ Seed ChainModifiedExtractor Manual? 0 Play Time 00:21:35 Cumulative 19.2 hours Start 2023.11.24 @ 07:51:46 End 2023.11.24 @ 08:28:26 Sessions 1 Manual Loads 0 Difficulty Rogue Special Mode None Game No. 43 Rogue 43 Adventurer 0 Explorer 0 Win Type - Total 0 Types 0/0/0/0/0/0/0/0/0 Lore% 23 Gallery% 24 Achievement% 20 Wizard Run 0 Options --------- ASCII 0 Keyboard 1 Movement Numpad Keybinds 0 Fullscreen 2 Font 18/SmallcapsGlow Map View 76x50 Tactical HUD 1 Map Filters NONE Filters NONE Steam 1 RUN: d3dbcc53-e608-4274-9f76-3926ea2a381c